PCL
ALBUQUERQUE ISOTOPES @ MEXICO CITY CERVECEROS
08/28/2023
 
TOP OF THE 1ST
Albuquerque Isotopes batting - Pitching for Mexico City Cerveceros : RHP Josh Schmitt
Pitching: RHP Josh Schmitt
Batting: RHB Adrián García 0-0: Called Strike
0-1: Ball
1-1: Foul Ball, location: 2F
1-2: SINGLE (Groundball, 6)
Batting: RHB Roberto Pérez 0-0: Grounds into double play, 5-4-3 (Groundball, 56)
Batting: RHB Edward Young 0-0: Ball
1-0: Ball
2-0: Called Strike
2-1: Ball
3-1: Called Strike
3-2: Ground out 1-3 (Groundball, 15S)
Top of the 1st over - 0 run(s), 1 hit(s), 0 error(s), 0 left on base; Albuquerque 0 - Mexico City 0
BOTTOM OF THE 1ST
Mexico City Cerveceros batting - Pitching for Albuquerque Isotopes : RHP Jason Dodd
Pitching: RHP Jason Dodd
Batting: LHB Víctor Carrillo 0-0: Called Strike
0-1: DOUBLE (Line Drive, 9LM)
Batting: RHB Robert Johnson 0-0: Called Strike
0-1: Foul Ball, location: 2F
0-2: Foul Ball, location: 2F
0-2: Ball
1-2: Ground out 5-3 (Groundball, 5)
Batting: LHB Tony Abete 0-0: Ball
1-0: Swinging Strike
1-1: SINGLE (Flyball, 8LS)
Víctor Carrillo to third
Runner from 3rd tries for Home, SAFE, throw made home
Tony Abete to second
Batting: LHB Chad Weaver 0-0: Ball
1-0: Fly out, F7 (Flyball, 7LM)
Batting: RHB Dave Morgan 0-0: Called Strike
0-1: Ball
1-1: SINGLE (Groundball, 34D)
Tony Abete to third
Runner from 3rd tries for Home, SAFE, no throw or cutoff
Batting: LHB Eduardo Gómez 0-0: Ball
1-0: Ball
2-0: Called Strike
2-1: Ball
3-1: Foul Ball, location: 2F
3-2: Base on Balls
Dave Morgan to second
Batting: RHB Roberto Zamora 0-0: Ball
1-0: Swinging Strike
1-1: DOUBLE (Line Drive, 7LM)
Dave Morgan scores
Eduardo Gómez to third
Runner from 3rd tries for Home, SAFE, no throw or cutoff
Batting: LHB Javier Escobedo 0-0: Fly out, F8 (Line Drive, 8RM)
Bottom of the 1st over - 4 run(s), 4 hit(s), 0 error(s), 1 left on base; Albuquerque 0 - Mexico City 4
TOP OF THE 2ND
Albuquerque Isotopes batting - Pitching for Mexico City Cerveceros : RHP Josh Schmitt
Batting: LHB Juan Carlos Sánchez 0-0: Ball
1-0: Called Strike
1-1: Foul Ball, location: 2F
1-2: Ball
2-2: Ground out 4-3 (Groundball, 34)
Batting: RHB Adrian Prouse 0-0: Foul Ball, location: 2F
0-1: Called Strike
0-2: Ball
1-2: Foul Ball, location: 2F
1-2: Strikes out swinging
Batting: RHB Juan Alberto 0-0: Called Strike
0-1: Ball
1-1: Ball
2-1: Swinging Strike
2-2: Ball
3-2: Base on Balls
Batting: RHB Roberto Cardona 0-0: Called Strike
0-1: SINGLE (Groundball, 56)
Juan Alberto to second
Batting: RHB Len Burke 0-0: Called Strike
0-1: 3-RUN HOME RUN (Flyball, 8LXD), Distance : 424 ft
Batting: RHB Luis Martínez 0-0: Called Strike
0-1: Ball
1-1: Ball
2-1: DOUBLE (Line Drive, 78D)
Batting: RHB Adrián García 0-0: Foul Ball, location: 2F
0-1: Ball
1-1: Ball
2-1: Ground out 6-3 (Groundball, 6)
Top of the 2nd over - 3 run(s), 3 hit(s), 0 error(s), 1 left on base; Albuquerque 3 - Mexico City 4
BOTTOM OF THE 2ND
Mexico City Cerveceros batting - Pitching for Albuquerque Isotopes : RHP Jason Dodd
Batting: RHB Reynold Akker 0-0: Ball
1-0: Foul Ball, location: 2F
1-1: Ball
2-1: SINGLE (Line Drive, 9S)
Batting: LHB Víctor Carrillo 0-0: Ball
1-0: Called Strike
1-1: SINGLE (Groundball, 23) (infield hit)
Reynold Akker to second
Batting: RHB Robert Johnson 0-0: Foul Ball, location: 2F
0-1: Ball
1-1: Ball
2-1: Fly out, F3 (Popup, 34)
Batting: LHB Tony Abete 0-0: Foul Ball, location: 2F
0-1: Swinging Strike
0-2: Ball
1-2: Ball
2-2: Ball
3-2: Fielders Choice at 2nd, 3-6 (Groundball, 34)
Reynold Akker to third
Batting: LHB Chad Weaver 0-0: Ball
1-0: Fly out, F7 (Flyball, 7S)
Bottom of the 2nd over - 0 run(s), 2 hit(s), 0 error(s), 2 left on base; Albuquerque 3 - Mexico City 4
TOP OF THE 3RD
Albuquerque Isotopes batting - Pitching for Mexico City Cerveceros : RHP Josh Schmitt
Batting: RHB Roberto Pérez 0-0: Fly out, F7 (Flyball, 7D)
Batting: RHB Edward Young 0-0: Ball
1-0: Called Strike
1-1: Swinging Strike
1-2: Foul Ball, location: 2F
1-2: Ball
2-2: DOUBLE (Line Drive, 78XD)
Batting: LHB Juan Carlos Sánchez 0-0: Ground out U3 (Groundball, 3)
Edward Young to third
Batting: RHB Adrian Prouse 0-0: Ball
1-0: Ball
2-0: Ball
3-0: Called Strike
3-1: Called Strike
3-2: SINGLE (Flyball, 8RS)
Edward Young scores
Batting: RHB Juan Alberto 0-0: Called Strike
0-1: Ball
1-1: Ball
2-1: Foul Ball, location: 2F
2-2: Ball
3-2: Strikes out swinging
Top of the 3rd over - 1 run(s), 2 hit(s), 0 error(s), 1 left on base; Albuquerque 4 - Mexico City 4
BOTTOM OF THE 3RD
Mexico City Cerveceros batting - Pitching for Albuquerque Isotopes : RHP Jason Dodd
Batting: RHB Dave Morgan 0-0: Fly out, F3 (Popup, 3DF)
Batting: LHB Eduardo Gómez 0-0: Ball
1-0: SINGLE (Groundball, 3D)
Batting: RHB Roberto Zamora 0-0: Ball
1-0: Called Strike
1-1: SINGLE (Flyball, 7S)
Eduardo Gómez to second
Batting: LHB Javier Escobedo 0-0: Called Strike
0-1: Ball
1-1: Foul Ball, location: 2F
1-2: Strikes out swinging
Batting: RHB Reynold Akker 0-0: Ground out 6-3 (Groundball, 6)
Bottom of the 3rd over - 0 run(s), 2 hit(s), 0 error(s), 2 left on base; Albuquerque 4 - Mexico City 4
TOP OF THE 4TH
Albuquerque Isotopes batting - Pitching for Mexico City Cerveceros : RHP Josh Schmitt
Batting: RHB Roberto Cardona 0-0: Called Strike
0-1: SINGLE (Line Drive, 78S)
Batting: RHB Len Burke 0-0: Ball
1-0: Swinging Strike
1-1: Swinging Strike
1-2: Grounds into double play, 6-4-3 (Groundball, 6)
Batting: RHB Luis Martínez 0-0: Called Strike
0-1: Ball
1-1: Swinging Strike
1-2: Strikes out swinging
Top of the 4th over - 0 run(s), 1 hit(s), 0 error(s), 0 left on base; Albuquerque 4 - Mexico City 4
BOTTOM OF THE 4TH
Mexico City Cerveceros batting - Pitching for Albuquerque Isotopes : RHP Jason Dodd
Batting: LHB Víctor Carrillo 0-0: Fly out, F8 (Flyball, 8RM)
Batting: RHB Robert Johnson 0-0: Ball
1-0: Called Strike
1-1: SINGLE (Flyball, 9S)
Batting: LHB Tony Abete 0-0: Ball
1-0: SINGLE (Groundball, 34)
Robert Johnson to second
Runner from 2nd tries for 3rd, SAFE, throw made to third
Batting: LHB Chad Weaver 0-0: Ball
Tony Abete steals 2nd base
1-0: Foul Ball, location: 2F
1-1: Ball
2-1: Ball
3-1: Base on Balls
Batting: RHB Dave Morgan 0-0: Called Strike
0-1: Foul Ball, location: 2F
0-2: Ball
1-2: Ball
2-2: Ball
3-2: Foul Ball, location: 2F
3-2: SINGLE (Groundball, 6MD)
Robert Johnson scores
Tony Abete to third
Chad Weaver to second
Runner from 3rd tries for Home, SAFE, no throw or cutoff
Batting: LHB Eduardo Gómez 0-0: Called Strike
0-1: Called Strike
0-2: SINGLE (Flyball, 8RS)
Chad Weaver to third
Dave Morgan to second
Batting: RHB Roberto Zamora 0-0: Ball
1-0: Ball
2-0: Fly out, F8 (Flyball, 8RM)
Runner from 3rd tags up, SCORES, no throw
Pitching: RHP Jay Lloyd
Batting: LHB Javier Escobedo 0-0: Ball
1-0: Fielders Choice at 2nd, 6-4 (Groundball, 6)
Bottom of the 4th over - 3 run(s), 4 hit(s), 0 error(s), 1 left on base; Albuquerque 4 - Mexico City 7
TOP OF THE 5TH
Albuquerque Isotopes batting - Pitching for Mexico City Cerveceros : RHP Josh Schmitt
Batting: RHB Adrián García 0-0: Ball
1-0: Fly out, F9 (Flyball, 89S)
Batting: RHB Roberto Pérez 0-0: Reached on error, E6 (Groundball, 6)
Batting: RHB Edward Young 0-0: Called Strike
0-1: Swinging Strike
0-2: Ball
1-2: Foul Ball, location: 2F
1-2: Ground out 6-3 (Groundball, 6)
Roberto Pérez to third
Batting: LHB Juan Carlos Sánchez 0-0: Fly out, F5 (Popup, 5L)
Top of the 5th over - 0 run(s), 0 hit(s), 1 error(s), 1 left on base; Albuquerque 4 - Mexico City 7
BOTTOM OF THE 5TH
Mexico City Cerveceros batting - Pitching for Albuquerque Isotopes : RHP Jay Lloyd
Batting: RHB Reynold Akker 0-0: Foul Ball, location: 2F
0-1: Ball
1-1: Called Strike
1-2: Ball
2-2: Strikes out swinging
Batting: LHB Víctor Carrillo 0-0: SOLO HOME RUN (Line Drive, 9LD), Distance : 323 ft
Batting: RHB Robert Johnson 0-0: Ball
1-0: DOUBLE (Line Drive, 5D)
Batting: LHB Tony Abete 0-0: Ball
1-0: Called Strike
1-1: Fly out, F7 (Flyball, 78M)
Batting: LHB Chad Weaver 0-0: Ground out 4-3 (Groundball, 4)
Bottom of the 5th over - 1 run(s), 2 hit(s), 0 error(s), 1 left on base; Albuquerque 4 - Mexico City 8
TOP OF THE 6TH
Albuquerque Isotopes batting - Pitching for Mexico City Cerveceros : RHP Josh Schmitt
Batting: RHB Adrian Prouse 0-0: SINGLE (Groundball, 3)
Pitching: RHP Glen Brewer
Batting: RHB Juan Alberto 0-0: Called Strike
0-1: Foul Ball, location: 2F
0-2: Ball
1-2: Strikes out swinging
Batting: RHB Roberto Cardona 0-0: Called Strike
0-1: Ball
1-1: Called Strike
1-2: Foul Ball, location: 2F
1-2: SINGLE (Groundball, 5S) (infield hit)
Adrian Prouse to second
Batting: RHB Len Burke 0-0: Swinging Strike
Passed Ball!
Adrian Prouse to third
Roberto Cardona to second
0-1: Ball
1-1: Foul Ball, location: 2F
1-2: Ball
2-2: Strikes out swinging
Batting: RHB Luis Martínez 0-0: Swinging Strike
0-1: Foul Ball, location: 2F
0-2: Foul Ball, location: 2F
0-2: Ball
1-2: Ball
2-2: Strikes out swinging
Top of the 6th over - 0 run(s), 2 hit(s), 0 error(s), 2 left on base; Albuquerque 4 - Mexico City 8
BOTTOM OF THE 6TH
Mexico City Cerveceros batting - Pitching for Albuquerque Isotopes : RHP Jay Lloyd
Batting: RHB Dave Morgan 0-0: Called Strike
0-1: Ball
1-1: Foul Ball, location: 2F
1-2: Fly out, F7 (Flyball, 7LD)
Batting: LHB Eduardo Gómez 0-0: Ball
1-0: Foul Ball, location: 2F
1-1: Foul Ball, location: 2F
1-2: SINGLE (Line Drive, 34D)
Batting: RHB Roberto Zamora 0-0: Ball
1-0: Ball
2-0: Ball
3-0: Base on Balls
Eduardo Gómez to second
Batting: LHB Javier Escobedo 0-0: SINGLE (Groundball, 34D)
Eduardo Gómez to third
Roberto Zamora to second
Runner from 3rd tries for Home, SAFE, throw made home
Roberto Zamora to third
Javier Escobedo to second
Batting: RHB Reynold Akker 0-0: Fly out, F9 (Flyball, 89S)
Batting: LHB Víctor Carrillo 0-0: Ball
1-0: SINGLE (Groundball, 34D)
Roberto Zamora scores
Javier Escobedo to third
Runner from 3rd tries for Home, throw and OUT!
Bottom of the 6th over - 2 run(s), 3 hit(s), 0 error(s), 1 left on base; Albuquerque 4 - Mexico City 10
TOP OF THE 7TH
Albuquerque Isotopes batting - Pitching for Mexico City Cerveceros : RHP Glen Brewer
Batting: RHB Adrián García 0-0: Called Strike
0-1: Called Strike
0-2: Ball
1-2: Strikes out swinging
Batting: RHB Roberto Pérez 0-0: Called Strike
0-1: Ball
1-1: Foul Ball, location: 2F
1-2: Ball
2-2: Ball
3-2: Fly out, F8 (Flyball, 8RM)
Batting: RHB Edward Young 0-0: Called Strike
0-1: Ball
1-1: Fly out, F5 (Line Drive, 5)
Top of the 7th over - 0 run(s), 0 hit(s), 0 error(s), 0 left on base; Albuquerque 4 - Mexico City 10
BOTTOM OF THE 7TH
Mexico City Cerveceros batting - Pitching for Albuquerque Isotopes : RHP Jay Lloyd
Pitching: RHP Manny Muñóz
Batting: RHB Robert Johnson 0-0: Fly out, F7 (Flyball, 78M)
Batting: LHB Tony Abete 0-0: Foul Ball, location: 2F
0-1: DOUBLE (Line Drive, 5L)
Batting: LHB Chad Weaver 0-0: Ball
1-0: Foul Ball, location: 2F
1-1: Ground out 6-3 (Groundball, 6)
Tony Abete to third
Batting: RHB Dave Morgan 0-0: Ball
1-0: SINGLE (Groundball, 5L)
Tony Abete scores
Batting: LHB Eduardo Gómez 0-0: Ground out U3 (Groundball, 3)
Bottom of the 7th over - 1 run(s), 2 hit(s), 0 error(s), 1 left on base; Albuquerque 4 - Mexico City 11
TOP OF THE 8TH
Albuquerque Isotopes batting - Pitching for Mexico City Cerveceros : RHP Glen Brewer
Pitching: RHP Jared Cameron
Batting: LHB Juan Carlos Sánchez 0-0: Ball
1-0: Ball
2-0: Foul Ball, location: 2F
2-1: Ball
3-1: Foul Ball, location: 2F
3-2: Foul Ball, location: 2F
3-2: Base on Balls
Batting: RHB Adrian Prouse 0-0: Called Strike
0-1: Foul Ball, location: 2F
0-2: Ball
1-2: SINGLE (Line Drive, 8RS)
Juan Carlos Sánchez to second
Batting: RHB Juan Alberto 0-0: Called Strike
0-1: Foul Ball, location: 2F
0-2: Ball
1-2: Ball
2-2: Strikes out swinging
Batting: RHB Roberto Cardona 0-0: Ball
1-0: SINGLE (Groundball, 4MD)
Juan Carlos Sánchez to third
Adrian Prouse to second
Batting: RHB Len Burke 0-0: Called Strike
0-1: Ball
1-1: Foul Ball, location: 2F
1-2: Hit by Pitch
Juan Carlos Sánchez scores
Adrian Prouse to third
Roberto Cardona to second
Batting: RHB Luis Martínez 0-0: Ball
1-0: Ball
2-0: Called Strike
2-1: Foul Ball, location: 2F
2-2: Strikes out swinging
Batting: RHB Adrián García 0-0: Swinging Strike
0-1: Swinging Strike
0-2: Ball
1-2: Fly out, F7 (Line Drive, 7D)
Top of the 8th over - 1 run(s), 2 hit(s), 0 error(s), 3 left on base; Albuquerque 5 - Mexico City 11
BOTTOM OF THE 8TH
Mexico City Cerveceros batting - Pitching for Albuquerque Isotopes : RHP Manny Muñóz
Batting: RHB Roberto Zamora 0-0: Ball
1-0: Foul Ball, location: 2F
1-1: Called Strike
1-2: Foul Ball, location: 2F
1-2: Foul Ball, location: 2F
1-2: Strikes out swinging
Batting: LHB Javier Escobedo 0-0: Ball
1-0: Ball
2-0: Called Strike
2-1: Called Strike
2-2: Ball
3-2: Strikes out looking
Batting: RHB Reynold Akker 0-0: Fly out, F9 (Flyball, 9M)
Bottom of the 8th over - 0 run(s), 0 hit(s), 0 error(s), 0 left on base; Albuquerque 5 - Mexico City 11
TOP OF THE 9TH
Albuquerque Isotopes batting - Pitching for Mexico City Cerveceros : RHP Jared Cameron
Pitching: RHP Tex Perkins
Batting: RHB Roberto Pérez 0-0: Ball
1-0: Ball
2-0: Foul Ball, location: 2F
2-1: Ball
3-1: Base on Balls
Batting: RHB Edward Young 0-0: Swinging Strike
0-1: Ball
1-1: Ball
2-1: Foul Ball, location: 2F
2-2: Ball
3-2: Base on Balls
Roberto Pérez to second
Batting: LHB Juan Carlos Sánchez 0-0: Called Strike
0-1: Ball
1-1: Called Strike
1-2: Grounds into double play, 1-4-3 (Groundball, 15)
Roberto Pérez to third
Batting: RHB Adrian Prouse 0-0: Called Strike
0-1: Ball
1-1: Foul Ball, location: 2F
1-2: Foul Ball, location: 2F
1-2: Ball
2-2: Ball
3-2: Foul Ball, location: 2F
3-2: Foul Ball, location: 2F
3-2: Fly out, F6 (Popup, 6M)
Top of the 9th over - 0 run(s), 0 hit(s), 0 error(s), 1 left on base; Albuquerque 5 - Mexico City 11
This league is powered by Out of the Park Baseball, the baseball management simulation game for PC, Mac and Linux
Wednesday, December 2nd, 2015 - OOTP Baseball 16.8 Build 38